cohdb
Replays
Latest Replays
All Replays
Popular Replays
Top Player Replays
Match Explorer
How It Works
Community
CoH3 Stats
Reddit
Sign in to upload your games and track your stats! →
Sign in with Steam
Match 45387826
Unlisted
Match 45387826
Overview
Messages
Build Orders
End
Selects Airborne Battlegroup
Selects Airborne Battlegroup
Selects Heavy Machine Gun Paradrop
Selects Pathfinders
Construct Weapon Support Center
Pathfinder Squad
M1919 Machine Gun Team
Bazooka Squad
M1919 Machine Gun Team
Air Support Center
Selects Paratrooper Squad Paradrop
Grasshopper Recon Run
P-47 Strafing Run
Paratrooper Squad Paradrop
M3 Armored Personnel Carrier
Selects Recon Loiter
Recon Loiter
Double Sortie
Grasshopper Recon Run
Bazooka Squad
Improved M9 Bazooka Rockets
Grasshopper Recon Run
Selects Supply Drop
P-47 Strafing Run
Improved Aircraft Armor
Supply Drop
Grasshopper Recon Run
P-47 Dive Bomb
P-47 Strafing Run
Recon Loiter
Recon Loiter
Grasshopper Recon Run
Paratrooper Squad Paradrop
Supply Drop
P-47 Dive Bomb
Air Supply
Grasshopper Recon Run
Recon Loiter
P-47 Strafing Run
P-47 Dive Bomb
Supply Drop
Paratrooper Squad Paradrop
Grasshopper Recon Run
P-47 Strafing Run
Construct Tank Depot
P-47 Dive Bomb
Selects Carpet Bombing Run
M18 Hellcat Tank Destroyer
Grasshopper Recon Run
Recon Loiter
P-47 Strafing Run
M18 Hellcat Tank Destroyer
Supply Drop
Engineer Squad
P-47 Strafing Run
Pioneer Combine
商鞅知马力比干见人心
QuallityAssurance
Sayamander 🐉
madgf10
BOoBoO
Bilibili-木木飞
The Scourge of God
0
0
Comments
sign in to comment!
No comments posted yet!